 Dungeon Crawl Stone Soup version 0.29-a0-830-gcb1280458a (webtiles) character file.

Game seed: 3696861663871070108

126 hquester1 the Ruffian (level 4, -7/45 HPs)
             Began as a Troll Berserker on July 11, 2022.
             Was a Believer of Trog.
             Mangled by an ogre
             ... wielding a +0 giant club
              (11 damage)
             ... on level 3 of the Dungeon.
             The game lasted 00:05:00 (1540 turns).

hquester1 the Ruffian (Troll Berserker)             Turns: 1540, Time: 00:05:01

Health: -7/45      AC:  4    Str: 25    XL:     4   Next: 84%
Magic:  3/3        EV: 10    Int:  3    God:    Trog [**....]
Gold:   61         SH:  0    Dex: 11    Spells: 3/3 levels left

rFire   . . .      SeeInvis .     - Unarmed
rCold   . . .      Faith    .   (no shield)
rNeg    . . .      Spirit   .   a - +0 animal skin
rPois   .          Reflect  .   (helmet restricted)
rElec   .          Harm     .   (no cloak)
rCorr   .          Rampage  .   (gloves unavailable)
Will    .....                   (boots unavailable)
Stlth   +.........              (no amulet)
HPRegen 0.95/turn               (no ring)
MPRegen 0.08/turn               (no ring)

@: no status effects
A: large, unfitting armour, claws 3, regeneration 1, shaggy fur 1, tough skin 1
a: Renounce Religion, Berserk, Trog's Hand


You were on level 3 of the Dungeon.
You worshipped Trog.
Trog was pleased with you.
You visited 1 branch of the dungeon, and saw 3 of its levels.

You collected 61 gold pieces.

Inventory:

Hand Weapons
 d - a +0 mace
 r - a +0 war axe
Missiles
 q - 3 large rocks (quivered)
Armour
 a - a +0 animal skin (worn)
Jewellery
 b - a ring of protection from fire
Scrolls
 c - 2 scrolls of blinking {unknown}
 f - 2 scrolls of magic mapping {unknown}
 g - a scroll of identify {unknown}
 j - 3 scrolls of teleportation {unknown}
 l - a scroll of poison {unknown}
 n - a scroll of brand weapon {unknown}
 p - a scroll of vulnerability {unknown}
Potions
 e - 4 potions of curing {unknown}
 h - a potion of lignification {unknown}
 i - a potion of heal wounds {unknown}
 k - a potion of haste {unknown}
 m - a potion of attraction {unknown}
 o - a potion of might {unknown}


   Skills:
 + Level 3.0 Fighting
 + Level 1.5 Throwing
 + Level 1.3 Armour
 + Level 3.0 Dodging
 + Level 3.6 Unarmed Combat


You had 3 spell levels left.
You didn't know any spells.
Your spell library was empty.

Dungeon Overview and Level Annotations

Branches:
Dungeon (3/15)

Altars:

Shops:
D:2 !


Innate Abilities, Weirdness & Mutations

You are too large for most types of armour.
You have claws for hands.
Your natural rate of healing is unusually fast.
You are covered in fur. (AC +1)
You have tough skin. (AC +1)


Message History

You closely miss the adder.
You feel sick. The adder bites you.
You miss the adder.
You feel sick. The adder barely misses you.
You claw the adder!
The adder is almost dead.
You feel sick. The adder bites you.
You scratch the adder.
You kill the adder!
Trog accepts your kill.
You feel sick.
You feel sick.
You see here an adder corpse.
You start resting.
You feel sick. x2
You are no longer poisoned.
You drop 11 stones.
HP restored.
Found an arbalest.
Found a war axe.
Found a mace.
You now have 61 gold pieces (gained 17).
Found a stone staircase leading up.
You see here a +0 mace.
d - a +0 mace An ogre comes into view. It is wielding a +0 giant club.
You see here a +0 war axe.
r - a +0 war axe The ogre shouts!
The ogre misses you.
You barely miss the ogre. The ogre hits you with a +0 giant club!
You barely miss the ogre. You claw the ogre!
The ogre is heavily wounded.
The ogre hits you with a +0 giant club!!
Ouch! That really hurt!
* * * LOW HITPOINT WARNING * * *
You closely miss the ogre.
The ogre is heavily wounded.
You scratch the ogre.
The ogre is severely wounded.
The ogre hits you with a +0 giant club!
You die...

#.# #. #.# #... #.# #...
#.# #...##.# #......#
####...##.######
..........@O...#
............##.# #
#.#..#.#.#.#..#
#.#.#............## ###.
.#)#....#.#.#.#.##.....
#.#.#.............######
#.#.#....#.#.#.#........
.#.#.###.............#.#.
.#.#......#.#.#.#.##.# #


You could see an ogre.

Vanquished Creatures
  Natasha (D:2)
  An orc wizard (D:3)
  2 adders
  A worm (D:2)
  A dart slug (D:1)
  2 orcs (D:3)
  10 endoplasms
  A giant cockroach (D:1)
  4 goblins
  7 hobgoblins
  4 jackals (D:2)
  3 quokkas
  2 bats
  4 frilled lizards
  2 kobolds (D:1)
  3 rats
48 creatures vanquished.

Notes
Turn   | Place    | Note
-------+----------+-------------------------------------------
     0 | D:1      | hquester1 the Troll Berserker began the quest for the Orb.
     0 | D:1      | Reached XP level 1. HP: 22/22 MP: 0/0
   190 | D:1      | Reached XP level 2. HP: 29/29 MP: 1/1
   296 | D:1      | Found a faded altar of an unknown god.
   599 | D:2      | Reached XP level 3. HP: 36/36 MP: 2/2
   717 | D:2      | Noticed Natasha
   732 | D:2      | Killed Natasha
   733 | D:2      | Reached skill level 1 in Throwing
   733 | D:2      | Reached skill level 1 in Armour
   840 | D:2      | Found Nitarroy's Distillery.
   919 | D:2      | Reached ** piety under Trog
   920 | D:2      | Reached XP level 4. HP: 44/44 MP: 3/3
  1531 | D:3      | Noticed an ogre
  1538 | D:3      | HP: 2/45 [ogre/+0 giant club (32)]
  1540 | D:3      | Mangled by an ogre

Illustrated notes

Levels and vault maps discovered:
D:1:      heliophobic_arrival_battle_scene, layout_loops_ring,
          ebering_ecumenical_altar_sacrificial, minmay_tromino_v7
D:2:      layout_basic, serial_shops, nicolae_shop_window_shopping, uniq_natasha
D:3:      layout_basic, serial_co_window_serial, co_window_paths_a,
          co_window_corner_a, co_window_paths_b, co_window_paths_a,
          co_window_corner_a, co_window_unsneaky_path_c,
          co_window_of_opportunity_c, co_window_corner_cb, co_window_cross_2,
          glass_columns_c, glass_columns_a, glass_columns_c, glass_columns_b,
          glass_columns_b, amethyst_killhole, hangedman_abyss_or_decor_stabs,
          uniq_grinder

Skill      XL: |  1  2  3  4 |
---------------+-------------+-----
Throwing       | 1 |  1.5
Armour         | 1 |  1.3
Dodging        | 3 |  3.0
Fighting       | 3 |  3.0
Unarmed Combat | |  3.6

Action                   |  1- 3 |  4- 6 || total
-------------------------+-------+-------++-------
Melee: Unarmed           |    74 |    37 ||   111
       Punch             |     1 |     1 ||     2
Throw: Stone             |       |     1 ||     1
 Stab: Sleeping          |       |     1 ||     1
Armor: Animal skin       |    25 |     8 ||    33
Dodge: Dodged            |    25 |    10 ||    35

Table legend: (Time is in decaauts)
 A = Elapsed time spent in this place.
 B = Non-inter-level travel time spent in this place.
 C = Inter-level travel time spent in this place.
 D = Time resting spent in this place.
 E = Time spent auto-exploring this place.
 F = Levels seen in this place.
 G = Mean time per level.
                   A        B        C        D        E       F      G
               +--------+--------+--------+--------+--------+-----+--------+
         Total |   1544 |   1469 |     75 |     29 |   1052 |   3 |  514.7 |
       Dungeon |   1544 |   1469 |     75 |     29 |   1052 |   3 |  514.7 |
               +--------+--------+--------+--------+--------+-----+--------+

Top non-repeatable levels by time:
     D:2: 760 daAuts
     D:1: 588 daAuts
     D:3: 196 daAuts
